PCL
HOUSTON HAMMERTIME @ CALGARY COWBOYS
04/19/2027
 
TOP OF THE 1ST
Houston Hammertime batting - Pitching for Calgary Cowboys : RHP Bert Killick
Pitching: RHP Bert Killick
Batting: RHB Dan Mason 0-0: Ball
1-0: Fly out, F4 (Popup, 4D)
Batting: RHB José García 0-0: Ball
1-0: Swinging Strike
1-1: Foul Ball, location: 2F
1-2: DOUBLE (Line Drive, 7LM)
Batting: LHB Juan Cabañas 0-0: Ball
1-0: Ball
2-0: Ground out 4-3 (Groundball, 4D)
José García to third
Batting: LHB Fernando Camacho 0-0: Ball
1-0: Fly out, F5 (Popup, 56)
Top of the 1st over - 0 run(s), 1 hit(s), 0 error(s), 1 left on base; Houston 0 - Calgary 0
BOTTOM OF THE 1ST
Calgary Cowboys batting - Pitching for Houston Hammertime : RHP Jun Kawashima
Pitching: RHP Jun Kawashima
Batting: RHB Luis Peña 0-0: Ball
1-0: Swinging Strike
1-1: Ball
2-1: Ground out 6-3 (Groundball, 6)
Batting: RHB Jorge Balencia 0-0: Called Strike
0-1: Called Strike
0-2: Strikes out swinging
Batting: RHB Tom Rowe 0-0: Ball
1-0: Ball
2-0: Ball
3-0: Base on Balls
Batting: RHB Todd Bryant 0-0: Ball
Tom Rowe is caught stealing 2nd base
Bottom of the 1st over - 0 run(s), 0 hit(s), 0 error(s), 0 left on base; Houston 0 - Calgary 0
TOP OF THE 2ND
Houston Hammertime batting - Pitching for Calgary Cowboys : RHP Bert Killick
Batting: LHB Bill Murphy 0-0: Foul Ball, location: 2F
0-1: Ball
1-1: Ball
2-1: Swinging Strike
2-2: Strikes out swinging
Batting: SHB Richard Bowman 0-0: Foul Ball, location: 2F
0-1: Ball
1-1: Called Strike
1-2: Foul Ball, location: 2F
1-2: Ball
2-2: Fly out, F1 (Line Drive, 13)
Batting: RHB Pedro Meza 0-0: Ball
1-0: Ball
2-0: Ball
3-0: Called Strike
3-1: Called Strike
3-2: DOUBLE (Line Drive, 78M)
Batting: LHB Enrique Valentín 0-0: Called Strike
0-1: Foul Ball, location: 2F
0-2: Foul Ball, location: 2F
0-2: Foul Ball, location: 2F
0-2: Ball
1-2: Ground out U3 (Groundball, 34)
Top of the 2nd over - 0 run(s), 1 hit(s), 0 error(s), 1 left on base; Houston 0 - Calgary 0
BOTTOM OF THE 2ND
Calgary Cowboys batting - Pitching for Houston Hammertime : RHP Jun Kawashima
Batting: RHB Todd Bryant 0-0: Fly out, F9 (Flyball, 9)
Batting: RHB Ramón Martínez 0-0: Called Strike
0-1: Ball
1-1: Swinging Strike
1-2: Fly out, F2 (Popup, 3S)
Batting: RHB Derek Carr 0-0: Ball
1-0: Called Strike
1-1: Ball
2-1: Called Strike
2-2: Strikes out swinging
Bottom of the 2nd over - 0 run(s), 0 hit(s), 0 error(s), 0 left on base; Houston 0 - Calgary 0
TOP OF THE 3RD
Houston Hammertime batting - Pitching for Calgary Cowboys : RHP Bert Killick
Batting: RHB Alberto Chávez 0-0: SINGLE (Line Drive, 7S)
Batting: RHB Dan Mason 0-0: Called Strike
0-1: Foul Ball, location: 2F
0-2: Ball
1-2: Ball
2-2: Strikes out swinging
Batting: RHB José García 0-0: Foul Ball, location: 2F
0-1: Ball
1-1: Ball
2-1: Ground out U3 (Groundball, 3S)
Alberto Chávez to second
Batting: LHB Juan Cabañas 0-0: Ball
1-0: Ball
2-0: Swinging Strike
2-1: SINGLE (Groundball, 4MD)
Alberto Chávez to third
Runner from 3rd tries for Home, SAFE, no throw
Batting: LHB Fernando Camacho 0-0: Swinging Strike
0-1: Ball
1-1: Ball
2-1: Called Strike
2-2: Ball
3-2: Base on Balls
Juan Cabañas to second
Batting: LHB Bill Murphy 0-0: Ball
1-0: Ball
2-0: Ball
3-0: Called Strike
3-1: Base on Balls
Juan Cabañas to third
Fernando Camacho to second
Batting: SHB Richard Bowman 0-0: Foul Ball, location: 2F
0-1: Ball
1-1: Ground out U3 (Groundball, 3)
Top of the 3rd over - 1 run(s), 2 hit(s), 0 error(s), 3 left on base; Houston 1 - Calgary 0
BOTTOM OF THE 3RD
Calgary Cowboys batting - Pitching for Houston Hammertime : RHP Jun Kawashima
Batting: RHB Shayne Burry 0-0: Ball
1-0: Called Strike
1-1: Ball
2-1: Ground out 6-3 (Groundball, 56)
Batting: LHB José Liñares 0-0: Called Strike
0-1: Fly out, F7 (Flyball, 7)
Batting: RHB Mario Sánchez 0-0: Ball
1-0: Ball
2-0: Swinging Strike
2-1: Foul Ball, location: 2F
2-2: Ground out 6-3 (Groundball, 6M)
Bottom of the 3rd over - 0 run(s), 0 hit(s), 0 error(s), 0 left on base; Houston 1 - Calgary 0
TOP OF THE 4TH
Houston Hammertime batting - Pitching for Calgary Cowboys : RHP Bert Killick
Batting: RHB Pedro Meza 0-0: Called Strike
0-1: Foul Ball, location: 2F
0-2: Ball
1-2: Ball
2-2: Foul Ball, location: 2F
2-2: Strikes out swinging
Batting: LHB Enrique Valentín 0-0: Foul Ball, location: 2F
0-1: Ball
1-1: Foul Ball, location: 2F
1-2: Strikes out swinging
Batting: RHB Alberto Chávez 0-0: Ball
1-0: Swinging Strike
1-1: Fly out, F9 (Flyball, 9D)
Top of the 4th over - 0 run(s), 0 hit(s), 0 error(s), 0 left on base; Houston 1 - Calgary 0
BOTTOM OF THE 4TH
Calgary Cowboys batting - Pitching for Houston Hammertime : RHP Jun Kawashima
Batting: RHB Luis Peña 0-0: Ball
1-0: Foul Ball, location: 2F
1-1: Foul Ball, location: 2F
1-2: Ball
2-2: Ball
3-2: Foul Ball, location: 2F
3-2: Foul Ball, location: 2F
3-2: Fly out, F5 (Line Drive, 5)
Batting: RHB Jorge Balencia 0-0: Ground out 4-3 (Groundball, 34)
Batting: RHB Tom Rowe 0-0: Foul Ball, location: 2F
0-1: Foul Ball, location: 2F
0-2: Ball
1-2: Foul Ball, location: 2F
1-2: Ball
2-2: Strikes out swinging
Bottom of the 4th over - 0 run(s), 0 hit(s), 0 error(s), 0 left on base; Houston 1 - Calgary 0
TOP OF THE 5TH
Houston Hammertime batting - Pitching for Calgary Cowboys : RHP Bert Killick
Batting: RHB Dan Mason 0-0: Ball
1-0: Bunted foul
1-1: Fly out, F3 (Popup, 3D)
Batting: RHB José García 0-0: Ball
1-0: Foul Ball, location: 2F
1-1: Ball
2-1: Foul Ball, location: 2F
2-2: Strikes out swinging
Batting: LHB Juan Cabañas 0-0: Called Strike
0-1: Foul Ball, location: 2F
0-2: Ball
1-2: Foul Ball, location: 2F
1-2: Ball
2-2: Foul Ball, location: 2F
2-2: Ball
3-2: Fly out, F8 (Flyball, 8LD)
Top of the 5th over - 0 run(s), 0 hit(s), 0 error(s), 0 left on base; Houston 1 - Calgary 0
BOTTOM OF THE 5TH
Calgary Cowboys batting - Pitching for Houston Hammertime : RHP Jun Kawashima
Batting: RHB Todd Bryant 0-0: Called Strike
0-1: Ball
1-1: Ball
2-1: Ground out 4-3 (Groundball, 4)
Batting: RHB Ramón Martínez 0-0: Ball
1-0: Ball
2-0: Ball
3-0: Called Strike
3-1: Ground out 5-3 (Groundball, 56)
Batting: RHB Derek Carr 0-0: Ball
1-0: SINGLE (Flyball, 8LS)
Batting: RHB Shayne Burry 0-0: Ball
1-0: Foul Ball, location: 2F
1-1: Ball
2-1: Swinging Strike
2-2: Foul Ball, location: 2F
2-2: Foul Ball, location: 2F
2-2: Fly out, F4 (Popup, 3D)
Bottom of the 5th over - 0 run(s), 1 hit(s), 0 error(s), 1 left on base; Houston 1 - Calgary 0
TOP OF THE 6TH
Houston Hammertime batting - Pitching for Calgary Cowboys : RHP Bert Killick
Pitching: LHP Takayuki Ine
Batting: LHB Fernando Camacho 0-0: Ball
1-0: Called Strike
1-1: Foul Ball, location: 2F
1-2: Fly out, F8 (Flyball, 89D)
Batting: LHB Bill Murphy 0-0: Called Strike
0-1: Foul Ball, location: 2F
0-2: Ball
1-2: Foul Ball, location: 2F
1-2: Ball
2-2: Ball
3-2: SOLO HOME RUN (Flyball, 9D), Distance : 386 ft
Batting: SHB Richard Bowman 0-0: Called Strike
0-1: Ball
1-1: Ball
2-1: Foul Ball, location: 2F
2-2: Foul Ball, location: 2F
2-2: Foul Ball, location: 2F
2-2: Foul Ball, location: 2F
2-2: Ground out 5-3 (Groundball, 56S)
Batting: RHB Pedro Meza 0-0: Swinging Strike
0-1: Ball
1-1: Swinging Strike
1-2: Foul Ball, location: 2F
1-2: Foul Ball, location: 2F
1-2: Foul Ball, location: 2F
1-2: Strikes out looking
Top of the 6th over - 1 run(s), 1 hit(s), 0 error(s), 0 left on base; Houston 2 - Calgary 0
BOTTOM OF THE 6TH
Calgary Cowboys batting - Pitching for Houston Hammertime : RHP Jun Kawashima
Batting: LHB José Liñares 0-0: Ball
1-0: Called Strike
1-1: Ground out U3 (Groundball, 34)
Batting: RHB Mario Sánchez 0-0: Fly out, F5 (Popup, 56)
Batting: RHB Luis Peña 0-0: Called Strike
0-1: Foul Ball, location: 2F
0-2: Ball
1-2: Ball
2-2: Ball
3-2: Foul Ball, location: 2F
3-2: Strikes out swinging
Bottom of the 6th over - 0 run(s), 0 hit(s), 0 error(s), 0 left on base; Houston 2 - Calgary 0
TOP OF THE 7TH
Houston Hammertime batting - Pitching for Calgary Cowboys : LHP Takayuki Ine
Batting: LHB Enrique Valentín 0-0: Ball
1-0: Called Strike
1-1: Ball
2-1: Foul Ball, location: 2F
2-2: Fly out, F8 (Flyball, 8RM)
Batting: RHB Alberto Chávez 0-0: Fly out, F8 (Flyball, 8RM)
Batting: RHB Dan Mason 0-0: Ball
1-0: SINGLE (Line Drive, 7S)
Batting: RHB José García 0-0: Ball
Dan Mason steals 2nd base
1-0: Ball
2-0: Ball
3-0: Called Strike
3-1: Called Strike
3-2: Foul Ball, location: 2F
3-2: Base on Balls
Batting: LHB Juan Cabañas 0-0: Fly out, F9 (Line Drive, 9D)
Top of the 7th over - 0 run(s), 1 hit(s), 0 error(s), 2 left on base; Houston 2 - Calgary 0
BOTTOM OF THE 7TH
Calgary Cowboys batting - Pitching for Houston Hammertime : RHP Jun Kawashima
Batting: RHB Jorge Balencia 0-0: Ball
1-0: Called Strike
1-1: Foul Ball, location: 2F
1-2: Ball
2-2: Ball
3-2: Strikes out looking
Batting: RHB Tom Rowe 0-0: Ball
1-0: Ball
2-0: Called Strike
2-1: Ground out U3 (Groundball, 34S)
Batting: RHB Todd Bryant 0-0: Called Strike
0-1: Fly out, F3 (Popup, 3L)
Bottom of the 7th over - 0 run(s), 0 hit(s), 0 error(s), 0 left on base; Houston 2 - Calgary 0
TOP OF THE 8TH
Houston Hammertime batting - Pitching for Calgary Cowboys : LHP Takayuki Ine
Batting: LHB Fernando Camacho 0-0: Ball
1-0: Ball
2-0: Foul Ball, location: 2F
2-1: Foul Ball, location: 2F
2-2: Foul Ball, location: 2F
2-2: Foul Ball, location: 2F
2-2: Foul Ball, location: 2F
2-2: Foul Ball, location: 2F
2-2: Ground out 4-3 (Groundball, 4M)
Batting: LHB Bill Murphy 0-0: Ball
1-0: Swinging Strike
1-1: Foul Ball, location: 2F
1-2: Strikes out swinging
Batting: SHB Richard Bowman 0-0: Ball
1-0: Reached on error, E6 (Groundball, 6D)
Batting: RHB Pedro Meza 0-0: Called Strike
0-1: Ball
1-1: Ball
2-1: Foul Ball, location: 2F
2-2: Foul Ball, location: 2F
2-2: Ground out 1-3 (Groundball, P)
Top of the 8th over - 0 run(s), 0 hit(s), 1 error(s), 1 left on base; Houston 2 - Calgary 0
BOTTOM OF THE 8TH
Calgary Cowboys batting - Pitching for Houston Hammertime : RHP Jun Kawashima
Batting: RHB Ramón Martínez 0-0: Ball
1-0: Ball
2-0: Ground out 5-3 (Groundball, 5)
Batting: RHB Derek Carr 0-0: Swinging Strike
0-1: Called Strike
0-2: Ball
1-2: Fly out, F6 (Popup, 6D)
Batting: RHB Shayne Burry 0-0: Called Strike
0-1: Ball
1-1: Called Strike
1-2: Ball
2-2: SINGLE (Groundball, 4MD)
Pitching: RHP José Ortíz
Batting: LHB José Liñares 0-0: Foul Ball, location: 2F
0-1: Ball
1-1: Swinging Strike
1-2: Ball
2-2: Fielders Choice at 2nd, 4-6 (Groundball, 34)
Bottom of the 8th over - 0 run(s), 1 hit(s), 0 error(s), 0 left on base; Houston 2 - Calgary 0
TOP OF THE 9TH
Houston Hammertime batting - Pitching for Calgary Cowboys : LHP Takayuki Ine
Pitching: RHP Luis Trujillo
Batting: LHB Enrique Valentín 0-0: Called Strike
0-1: Foul Ball, location: 2F
0-2: Foul Ball, location: 2F
0-2: Ball
1-2: Strikes out looking
Batting: RHB Alberto Chávez 0-0: Foul Ball, location: 2F
0-1: Ball
1-1: Swinging Strike
1-2: Ball
2-2: Strikes out swinging
Batting: RHB Dan Mason 0-0: Ground out 1-3 (Groundball, 13)
Top of the 9th over - 0 run(s), 0 hit(s), 0 error(s), 0 left on base; Houston 2 - Calgary 0
BOTTOM OF THE 9TH
Calgary Cowboys batting - Pitching for Houston Hammertime : RHP José Ortíz
Pitching: RHP Brandon Williams
Batting: RHB Mario Sánchez 0-0: Ball
1-0: Fly out, F9 (Flyball, 89M)
Batting: RHB Luis Peña 0-0: Ball
1-0: Reached on error, E6 (Groundball, 6)
Pinch Hitting: LHB Greg Nelson 0-0: Called Strike
0-1: DOUBLE (Flyball, 78M)
Luis Peña to third
Batting: RHB Tom Rowe 0-0: Ball
1-0: Ball
2-0: Called Strike
2-1: Foul Ball, location: 2F
2-2: Strikes out swinging
Batting: RHB Todd Bryant 0-0: DOUBLE (Line Drive, 7D)
Luis Peña scores
Greg Nelson scores
Pinch Hitting: RHB Dan Wyatt 0-0: Swinging Strike
0-1: SINGLE (Flyball, 8LS)
Todd Bryant to third
Runner from 3rd tries for Home, SAFE, no throw
Thursday, March 30th, 2017 - OOTP Baseball 17.12 Build 75